 Dungeon Crawl Stone Soup version 0.20.0-9-g8272e65 (webtiles) character file.

12113 McKennaii the Carver (level 11, -6/86 HPs)
             Began as a Demonspawn Abyssal Knight on June 3, 2017.
             Was the Champion of Lugonu.
             Mangled by Snorg (17 damage)
             ... on level 10 of the Dungeon.
             The game lasted 00:36:40 (12914 turns).

McKennaii the Carver (Demonspawn Abyssal Knight)   Turns: 12914, Time: 00:36:41

Health: -6/86      AC: 18    Str: 13    XL:     11   Next: 58%
Magic:  12/13      EV:  6    Int: 19    God:    Lugonu [******]
Gold:   381        SH: 11    Dex: 23    Spells: 10/10 levels left

rFire    x . .     SeeInvis .   q - +4 scimitar
rCold    + + +     Gourm    .   x - +1 buckler {rC+}
rNeg     . . .     Faith    .   J - +0 plate armour
rPois    +         Spirit   .   (helmet restricted)
rElec    .         Reflect  +   (no cloak)
rCorr    .         Harm     .   m - +0 pair of gloves
MR       +....                  d - +2 pair of boots {Stlth+}
Stlth    ..........             H - +4 amulet of reflection
Regen    0.3/turn               a - ring of protection from magic
MPRegen  0.2/turn               w - ring "Xoph" {rPois rF- Int+5 Dex+4}

@: no status effects
A: antennae 1, hooves 1, thin skeletal structure 2, cold resistance 2, spiny 1
a: Depart the Abyss, Bend Space, Banish, Corrupt, Enter the Abyss, Brand Weapon
With Distortion, Renounce Religion


You were on level 10 of the Dungeon.
You worshipped Lugonu.
Lugonu was exalted by your worship.
You were hungry.

You visited 1 branch of the dungeon, and saw 10 of its levels.
You visited the Abyss 1 time.

You collected 725 gold pieces.
You spent 344 gold pieces at shops.

Inventory:

Hand Weapons
 q - a +4 scimitar (weapon)
Armour
 d - a +2 pair of boots of stealth (worn)
 m - a +0 pair of gloves (worn)
 x - a +1 buckler of cold resistance (worn)
 J - a +0 plate armour (worn)
Jewellery
 a - a ring of protection from magic (left hand)
 w - the ring "Xoph" (right hand) {rPois rF- Int+5 Dex+4}
   (You found it on level 5 of the Dungeon)

   [ring of intelligence]

   It affects your intelligence (+5).
   It affects your dexterity (+4).
   It makes you vulnerable to fire.
   It protects you from poison.
 H - a +4 amulet of reflection (around neck)
 N - an uncursed ring of see invisible
 P - an uncursed amulet of rage
Wands
 p - a wand of iceblast (9/15)
 v - a wand of confusion (42/48)
 D - a wand of scattershot (0/9)
 I - a wand of flame (32/48)
Scrolls
 f - 3 scrolls of teleportation
 r - 6 scrolls of identify
 y - a scroll of recharging
 z - 2 scrolls of blinking
 C - 3 scrolls of remove curse
 G - a scroll of fear
 K - a scroll of fog
 M - a scroll of amnesia
Potions
 b - 2 potions of agility
 e - 5 potions of curing
 h - 2 potions of lignification
 l - a potion of haste
 n - 5 potions of resistance
 o - 2 potions of mutation
 s - 4 potions of degeneration {unknown}
 u - a potion of invisibility {unknown}
 A - a potion of brilliance {unknown}
 B - 5 potions of heal wounds {unknown}
 E - 2 potions of flight {unknown}
 O - a potion of cancellation {unknown}
Books
 i - a book of Minor Magic

   Spells                             Type                      Level
   a - Magic Dart                     Conjuration                  1
   b - Blink                          Translocation                2
   c - Call Imp                       Summoning                    2
   d - Slow                           Hexes                        2
   e - Conjure Flame                  Conjuration/Fire             3
   f - Mephitic Cloud                 Conjuration/Poison/Air       3
Miscellaneous
 L - a lightning rod (inert)
Comestibles
 c - 5 bread rations
 g - 14 royal jellies
 t - 8 fruits
 F - 4 meat rations


   Skills:
 + Level 8.2 Fighting
 + Level 11.4 Long Blades
   Level 1.5 Staves
 + Level 8.0 Armour
 + Level 3.5 Dodging
 + Level 2.8 Stealth
 + Level 5.0 Shields
 + Level 2.8 Invocations
 + Level 0.4 Evocations


You had 10 spell levels left.
You didn't know any spells.

Dungeon Overview and Level Annotations

Branches:
Dungeon (10/15)            Temple (0/1) D:7            Lair (0/6) D:10
    Orc: D:9-12

Altars:
Ashenzari
Dithmenos
Elyvilon
Fedhas
Kikubaaqudgha
Makhleb
Okawaru
Qazlal
Uskayaw
Vehumet
Xom
Yredelemnul
The Shining One

Shops:
D:5 *   D:6 [

Annotations:
D:3 McKennaii's ghost, amateur DsAK
D:10 Snorg


Innate Abilities, Weirdness & Mutations

You have a pair of small antennae on your head.
You have a moderately thin skeletal structure. (Dex +4, Stealth+)
You are partially covered in sharp spines.
You have large cloven feet.
Your flesh is very cold resistant. (rC++)


Message History

Okay, then.
Evoke which item? (* to show all) (? for menu, Esc to quit)
Aiming: Thunderbolt
Press: ? - help, Shift-Dir - straight line, f - Snorg
Aim: Snorg (heavily wounded, berserk, fast, unusually strong)
The thunderbolt hits Snorg.
Snorg is severely wounded.
The lightning rod overheats!
Snorg rages.
You feel better.
You slice Snorg!!
Snorg is almost dead.
You block Snorg's attack. Snorg claws you but does no damage.
You block Snorg's attack.
You slash Snorg!
Snorg is almost dead.
Snorg bites you!
* * * LOW HITPOINT WARNING * * *
Snorg claws you!
You die...

#. ######.##
#.......#
#.......#
#.......#
#.......#
#.......#
#.......##########
#@T...†...........
#.......##########
#########


You could see Snorg (berserk).

Vanquished Creatures
  3 two-headed ogres
  Pikel (D:5)
  The ghost of vuolankoinen the Magician, a novice HuWn (D:5)
  A hornet (D:8)
  3 hippogriffs
  A vampire (D:5)
  A wraith (D:5)
  10 yaks
  A basilisk (D:9)
  3 hungry ghosts
  Menkaure (D:5)
  A soldier ant (D:8)
  4 porcupines
  2 ice beasts
  4 phantoms
  5 sky beasts
  A black bear (D:10)
  5 orc warriors
  A necrophage (D:5)
  3 ogres
  5 centaurs
  2 crocodiles (D:10)
  6 bullfrogs
  5 big kobolds
  A scorpion (D:8)
  9 wights
  4 electric eels (D:9)
  9 crimson imps
  A centaur zombie (D:6)
  A bullfrog zombie (D:9)
  5 hounds
  A jelly (D:9)
  12 orc priests
  8 orc wizards
  2 bullfrog skeletons
  2 centaur skeletons
  Ijyb (D:4)
  An iguana (D:4)
  4 worker ants
  A hound zombie (D:7)
  A worker ant zombie (D:8)
  8 gnolls
  13 adders
  3 shadow imps
  2 oozes
  An adder skeleton (D:6)
  2 adder zombies
  5 worms
  4 dart slugs
  9 leopard geckos
  25 orcs
  A ball python (D:1)
  7 giant cockroaches
  7 hobgoblins
  5 jackals
  43 kobolds
  4 quokkas
  5 bats
  7 frilled lizards
  7 goblins
  2 leopard gecko skeletons
  A quokka zombie (D:9)
  15 rats
309 creatures vanquished.

Vanquished Creatures (others)
  2 slaves (D:5)
  A crimson imp (D:5)
  A worker ant (D:5)
  A bush (D:10)
  5 fungi (D:10)
  16 plants (D:10)
26 creatures vanquished.

Grand Total: 335 creatures vanquished

Notes
Turn   | Place    | Note
-------+----------+-------------------------------------------
     0 | Abyss:1  | McKennaii the Demonspawn Abyssal Knight began the quest for the Orb.
     0 | Abyss:1  | Reached XP level 1. HP: 18/18 MP: 2/2
     7 | Abyss:1  | Found a corrupted altar of Lugonu.
    70 | Abyss:1  | Found a corrupted altar of Lugonu.
    91 | Abyss:2  | Noticed a bone dragon
   110 | Abyss:2  | Noticed a small abomination
   146 | Abyss:2  | Noticed a tentacled starspawn
   171 | Abyss:2  | Noticed a small abomination
   178 | Abyss:2  | Noticed an iron imp
   179 | Abyss:2  | Noticed a small abomination
   182 | D:1      | Escaped the Abyss
   278 | D:1      | Reached * piety under Lugonu
   291 | D:1      | Reached skill level 1 in Dodging
   291 | D:1      | Gained mutation: You have a somewhat thin skeletal structure. (Dex +2, Stealth) [demonic ancestry]
   291 | D:1      | Reached XP level 2. HP: 12/24 MP: 3/3
   358 | D:1      | Reached skill level 2 in Long Blades
   838 | D:1      | Reached XP level 3. HP: 13/29 MP: 4/4
  1479 | D:2      | Found a stormy altar of Qazlal.
  1654 | D:2      | Reached ** piety under Lugonu
  2014 | D:2      | Reached XP level 4. HP: 31/35 MP: 5/5
  2208 | D:3      | Reached skill level 3 in Long Blades
  2315 | D:3      | Reached skill level 1 in Stealth
  2394 | D:3      | Noticed McKennaii's ghost (amateur DsAK)
  3362 | D:3      | Reached XP level 5. HP: 41/41 MP: 6/6
  4281 | D:3      | Reached skill level 4 in Long Blades
  4281 | D:3      | Reached XP level 6. HP: 39/48 MP: 7/7
  4306 | D:3      | Reached *** piety under Lugonu
  5222 | D:4      | Reached skill level 5 in Long Blades
  5222 | D:4      | Gained mutation: You are partially covered in sharp spines. [demonic ancestry]
  5222 | D:4      | Reached XP level 7. HP: 36/54 MP: 8/8
  5531 | D:4      | Got a brightly glowing quarterstaff {crush}
  5533 | D:4      | Identified the +6 quarterstaff "Etoaves" {crush, rC+ rN+ Dex+2 SInv} (You took it off a kobold on level 4 of the Dungeon)
  5570 | D:4      | Found an iron altar of Okawaru.
  5600 | D:4      | Got a translucent leather armour
  5611 | D:4      | Identified the cursed +1 leather armour of Elyvilon's Displeasure {rPois Int+2 SInv} (You found it on level 4 of the Dungeon)
  5669 | D:4      | Reached **** piety under Lugonu
  5719 | D:4      | Noticed Ijyb
  5732 | D:4      | Killed Ijyb
  5809 | D:4      | Reached skill level 6 in Long Blades
  6009 | D:4      | Reached XP level 8. HP: 60/61 MP: 9/9
  6135 | D:5      | Entered Level 5 of the Dungeon
  6135 | D:5      | Found a hide-covered altar of Uskayaw.
  6223 | D:5      | Found a basalt altar of Yredelemnul.
  6224 | D:5      | Noticed Menkaure
  6225 | D:5      | Found an ancient bone altar of Kikubaaqudgha.
  6226 | D:5      | Found a transporter.
  6242 | D:5      | Found a transporter.
  6309 | D:5      | Found a shimmering altar of Xom.
  6309 | D:5      | Found a glowing golden altar of the Shining One.
  6339 | D:5      | Noticed Pikel
  6379 | D:5      | Killed Pikel
  6379 | D:5      | Reached skill level 5 in Fighting
  6379 | D:5      | Reached skill level 7 in Long Blades
  6431 | D:5      | Reached skill level 5 in Armour
  6583 | D:5      | Found Woariada's Assorted Antiques.
  6591 | D:5      | Bought an orange potion for 22 gold pieces
  6591 | D:5      | Bought a scroll labeled SIMO BIJUIM for 25 gold pieces
  6591 | D:5      | Bought a metallic yellow potion for 22 gold pieces
  6591 | D:5      | Bought an orange potion for 22 gold pieces
  6591 | D:5      | Bought a glowing yellow potion for 22 gold pieces
  6646 | D:5      | Noticed vuolankoinen's ghost (novice HuWn)
  6681 | D:5      | Killed vuolankoinen's ghost
  6681 | D:5      | Reached skill level 8 in Long Blades
  6681 | D:5      | Gained mutation: You have a pair of small antennae on your head. [demonic ancestry]
  6681 | D:5      | Reached XP level 9. HP: 34/69 MP: 10/10
  6768 | D:5      | Found a white marble altar of Elyvilon.
  6773 | D:5      | Found a radiant altar of Vehumet.
  6776 | D:5      | Found an iron altar of Okawaru.
  6779 | D:5      | Found a shattered altar of Ashenzari.
  6871 | D:6      | Reached skill level 1 in Staves
  6900 | D:6      | Found Gebytedu's Armour Shop.
  6914 | D:6      | Bought a +1 buckler of cold resistance for 231 gold pieces
  7165 | D:6      | Reached skill level 1 in Shields
  7200 | D:6      | Reached ***** piety under Lugonu
  7336 | D:6      | Found a shadowy altar of Dithmenos.
  7539 | D:7      | Found a staircase to the Ecumenical Temple.
  7623 | D:7      | Found a blossoming altar of Fedhas.
  7997 | D:7      | Reached skill level 9 in Long Blades
  7997 | D:7      | Reached XP level 10. HP: 75/77 MP: 11/11
  8708 | D:5      | Killed Menkaure
  8734 | D:5      | Got a wavering brass ring
  8735 | D:5      | Identified the ring "Xoph" {rPois rF- Int+5 Dex+4} (You found it on level 5 of the Dungeon)
  9324 | D:8      | Found a basalt altar of Yredelemnul.
  9689 | D:8      | Reached skill level 10 in Long Blades
  9995 | D:9      | Noticed a two-headed ogre
 10005 | D:9      | Killed a two-headed ogre
 10139 | D:9      | Noticed a two-headed ogre
 10146 | D:9      | Killed a two-headed ogre
 10230 | D:9      | Reached XP level 11. HP: 77/85 MP: 12/12
 10231 | D:9      | Found a burning altar of Makhleb.
 10393 | D:9      | Gained mutation: Your flesh is cold resistant. (rC+) [potion of mutation]
 10393 | D:9      | Gained mutation: You have large cloven feet. [potion of mutation]
 10393 | D:9      | Gained mutation: Your flesh is very cold resistant. (rC++) [potion of mutation]
 10393 | D:9      | Gained mutation: You have a moderately thin skeletal structure. (Dex +4, Stealth+) [potion of mutation]
 11799 | D:10     | Entered Level 10 of the Dungeon
 11830 | D:10     | Reached skill level 11 in Long Blades
 11871 | D:10     | Found a staircase to the Lair.
 11873 | D:10     | Noticed an orc knight
 12047 | D:10     | Noticed a two-headed ogre
 12052 | D:10     | Killed a two-headed ogre
 12507 | D:9      | Reached ****** piety under Lugonu
 12649 | D:10     | Reached skill level 5 in Shields
 12897 | D:10     | Noticed Snorg
 12914 | D:10     | Mangled by Snorg

Skill      XL: |  1  2  3  4  5  6  7  8  9 10 11 |
---------------+----------------------------------+-----
Armour         | 2 3 4 5 6 7 8 |  8.0
Dodging        | 1 2 3 |  3.5
Long Blades    | 2 3 4 5 6 8 9 10 11 | 11.4
Stealth        | 1 2 |  2.8
Fighting       | 4 5 6 7 8 |  8.2
Staves         | 1 |  1.5
Shields        | 2 4 5 |  5.0
Invocations    | |  2.8
Evocations     | |  0.4

Action                   |  1- 3 |  4- 6 |  7- 9 | 10-12 || total
-------------------------+-------+-------+-------+-------++-------
Melee: Falchion          |   117 |   403 |    18 |       ||   538
       Quarterstaff      |       |       |   128 |       ||   128
       Scimitar          |       |       |    91 |   378 ||   469
Invok: Depart the Abyss  |     1 |       |       |       ||     1
       Bend Space        |       |     1 |       |     4 ||     5
Evoke: Lightning rod     |       |       |       |     4 ||     4
       Wand              |       |       |       |     2 ||     2
  Use: Scroll            |       |       |    15 |     4 ||    19
       Potion            |       |       |       |     6 ||     6
 Stab: Sleeping          |    12 |     6 |     4 |       ||    22
       Distracted        |     1 |       |       |     1 ||     2
  Eat: Chunk             |     4 |     2 |    10 |    17 ||    33
       Fruit             |       |     1 |       |     2 ||     3
       Meat ration       |       |     1 |       |       ||     1
       Royal jelly       |       |     1 |       |     1 ||     2
Armor: Leather armour    |    32 |     6 |       |       ||    38
       Ring mail         |       |   115 |       |       ||   115
       Chain mail        |       |    66 |   132 |       ||   198
       Scale mail        |       |       |     9 |     6 ||    15
       Plate armour      |       |       |       |   157 ||   157
Dodge: Dodged            |    60 |   228 |    71 |    61 ||   420
Block: Buckler           |       |       |    35 |   178 ||   213
       Reflection        |       |       |       |     5 ||     5
       Rpst.: Falchion   |    22 |    76 |     2 |       ||   100
       Scimitar          |       |       |     4 |    17 ||    21
